Map: Blueshift LE

Players

Dolan - Winner!

  • Race: Terran Terran
  • Spawn Location: 7:00

JadedShard

  • Race: Zerg Zerg
  • Spawn Location: 1:00

Event: WCS Montreal 2018

VOD

Have the link to the VOD?

Description

Time

  • Played on: Sept. 7, 2018, 12:31 p.m.
  • Length: 5:22

All games in this series

Show
View Real Time Build Order
Export as new Build Order

Dolan Terran - Winner!

Build Orders: Gas First Reaper Expand, Reaper Expand, Hellion Banshee 

Get SALT Encoding   

  12  0:01  SCV  
  13  0:13  SCV  
  14  0:16  Supply Depot  
  14  0:25  SCV  
  14  0:27  Refinery  
  15  0:38  SCV  
  16  0:44  Barracks  
  16  0:50  SCV  
  17  1:02  SCV  
  18  1:14  SCV  
  19  1:30  Orbital Command  
  19  1:31  Reaper  
  20  1:43  Command Center  
  20  1:56  SCV  
  20  1:57  Factory  
  21  2:05  Barracks Reactor  
  22  2:08  SCV  
  22  2:13  Supply Depot  
  22  2:19  Refinery  
  22  2:23  SCV  
  23  2:35  SCV  
  24  2:46  Starport  
  24  2:48  SCV  
  25  2:51  Marine  
  25  2:52  Hellion x2  
  25  2:57  Orbital Command  
  30  3:11  SCV  
  32  3:13  Barracks Tech Lab  
  31  3:20  Hellion x2  
  31  3:23  SCV  
  36  3:35  Bunker  
  36  3:36  Banshee  
  36  3:39  SCV x2  
  41  3:48  Hellion x2  
  45  3:52  Cloaking Field  
  44  4:20  Armory  
  44  4:21  Supply Depot  
  44  4:23  Supply Depot  
  44  4:26  Supply Depot  
  44  4:30  Supply Depot  
  44  4:42  Barracks Tech Lab  
  46  4:51  SCV  
  46  4:52  SCV  
  48  4:56  Hellion x2  
  52  5:02  Supply Depot  
  52  5:04  SCV x2  
Show
View Real Time Build Order
Export as new Build Order

JadedShard Zerg 

Build Orders: Pool First, Zergling Baneling 

Get SALT Encoding   

  12  0:01  Drone  
  13  0:13  Overlord  
  13  0:19  Drone  
  14  0:32  Drone x2  
  16  0:38  Drone  
  16  0:41  Extractor  
  16  0:47  Spawning Pool  
  16  0:50  Drone  
  16  0:57  Drone  
  17  1:16  Hatchery  
  16  1:21  Drone  
  16  1:24  Drone  
  18  1:35  Queen  
  18  1:39  Drone  
  21  1:45  Zergling x2  
  22  1:49  Metabolic Boost  
  22  2:01  Baneling Nest  
  21  2:08  Overlord  
  21  2:10  Drone  
  22  2:15  Overlord  
  21  2:26  Zergling x2  
  21  2:28  Zergling x2  
  23  2:37  Zergling x2  
  23  2:41  Zergling x2  
  25  2:46  Zergling x6  
  28  2:55  Zergling x4  
  29  3:14  Zergling x4  
  29  3:15  Zergling x4  
  29  3:19  Queen  
  33  3:20  Zergling x2  
  33  3:21  Zergling x4  
  38  3:27  Zergling x4  
  38  3:32  Baneling  
  38  3:33  Baneling x5  
  40  3:41  Baneling  
  40  3:42  Baneling  
  40  3:45  Overlord  
  39  4:01  Zergling x2  
  35  4:04  Zergling x6  
  35  4:05  Zergling x4  
  30  4:20  Zergling x2  
  30  4:21  Zergling x4  
  30  4:22  Drone  
  34  4:30  Drone  
  35  4:42  Spore Crawler  
  24  4:55  Baneling x4  
  24  4:56  Zergling x4  
  24  4:57  Zergling x2, Roach Warren  
  26  5:03  Spore Crawler  
Tags
 
Add a new tag
Caveats
  • Supply blocks, unpowered buildings, or Contaminate may cause inaccurate times.
  • Supply counts are checked every 10 seconds.